 Dungeon Crawl Stone Soup version 0.31-a0-986-g5e6e4ef867 (webtiles) character file.

Game seed: 7074395768280733583

5468 Firecrotchwizard the Grappler (level 10, -4/53 HPs)
             Began as a Vine Stalker Shapeshifter on Nov 22, 2023.
             Was an Elder of Okawaru.
             Succumbed to Harold's poison
             ... on level 9 of the Dungeon.
             The game lasted 00:22:09 (7159 turns).

Firecrotchwizard the Grappler (VSSh)                Turns: 7159, Time: 00:22:10

Health: -4/53      AC: 10    Str: 20    XL:     10   Next: 69%
Magic:  4/13       EV:  6    Int: 10    God:    Okawaru [****..]
Gold:   529        SH:  0    Dex: 13    Spells: 9/9 levels left

rFire   + + +        D - +6 dagger of Moderation {venom, Fragile rF+++ Dex-2 Stlth+}
rCold   . . .        (no shield)
rNeg    . . .        u - +0 plate armour
rPois   +            A - melded +0 helmet
rElec   .            p - melded +2 cloak
rCorr   +            C - melded +0 pair of gloves
SInv    .            (boots currently unavailable)
Will    +....        z - amulet of magic regeneration Stlth
                     k - ring of resist corrosion
HPRegen 1.08/turn    F - ring of poison resistance
MPRegen 0.53/turn

%: guardian spirit
@: lethally poisoned (-4 -> -21), beast-form
A: beast (slay +4), fangs 3, regeneration 1, magic shield, antimagic bite, no
potion heal 2
a: Begin Untransformation, Renounce Religion, Heroism, Finesse


You were on level 9 of the Dungeon.
You worshipped Okawaru.
Okawaru was greatly pleased with you.
You were a hulking beast.
You visited 2 branches of the dungeon, and saw 10 of its levels.

You collected 529 gold pieces.

Inventory:

Hand Weapons
 j - a +3 short sword of protection
 s - a +1 dagger of venom
 D - the +6 dagger of Moderation (weapon) {venom, Fragile rF+++ Dex-2 Stlth+}
   (You found it on level 7 of the Dungeon)

   Dex-2:     It affects your dexterity (-2).
   rF+++:     It renders you almost immune to fire.
   Fragile:   It will be destroyed if unequipped.
   Stlth+:    It makes you more stealthy.
Armour
 m - a +0 leather armour
 n - a +0 ring mail
 p - a +2 cloak (melded)
 u - a +0 plate armour (worn)
 y - a +0 chain mail
 A - a +0 helmet (melded)
 C - a +0 pair of gloves (melded)
Jewellery
 k - a ring of resist corrosion (left hand)
 z - an amulet of magic regeneration (around neck)
 F - a ring of poison resistance (right hand)
 G - a ring of protection from cold
Talismans
 c - a beast talisman (active)
 d - a flux talisman
 l - a granite talisman
 H - a serpent talisman
Wands
 x - a wand of flame (36)
Scrolls
 g - a scroll of blinking
 i - 6 scrolls of identify
 o - 5 scrolls of fear
 t - a scroll of vulnerability
 w - a scroll of enchant weapon
 B - a scroll of revelation
 J - a scroll of immolation
Potions
 a - a potion of invisibility {unknown}
 b - 2 potions of lignification
 e - a potion of heal wounds {unknown}
 f - 7 potions of curing
 h - 3 potions of mutation
 q - a potion of haste {unknown}
 r - 3 potions of enlightenment
 v - a potion of brilliance {unknown}
 E - a potion of berserk rage {unknown}


   Skills:
 + Level 6.9 Fighting
 - Level 1.5 Dodging
 * Level 11.1 Unarmed Combat
 + Level 3.6 Invocations
 + Level 7.5 Shapeshifting


You had 9 spell levels left.
You didn't know any spells.
Your spell library contained the following spells:

 Spells                   Type           Power      Damage    Failure   Level
 Shock                    Conj/Air       0%         1d3       100%        1
 Sting                    Tmut/Pois      0%         1d3       100%        1
 Lesser Beckoning         Tloc           0%         N/A       100%        2
 Poisonous Vapours        Pois/Air       0%         N/A       100%        2
 Gell's Gravitas          Tloc           0%         N/A       100%        3
 Swiftness                Air            0%         N/A       100%        3
 Teleport Other           Tloc           0%         N/A       100%        3
 Airstrike                Air            0%         2d(0-16)  100%        4
 Olgreb's Toxic Radiance  Pois           0%         N/A       100%        4


Dungeon Overview and Level Annotations

Branches:
Dungeon (9/15)             Temple (1/1) D:5            Lair (0/5) D:9
    Orc (0/2) D:9

Altars:
Ashenzari
Cheibriados
Dithmenos
Fedhas
Gozag
Hepliaklqana
Kikubaaqudgha
Makhleb
Nemelex Xobeh
Okawaru
Qazlal
Ru
Sif Muna
Uskayaw
Vehumet
Wu Jian
Xom
Yredelemnul
The Shining One

Shops:
D:2 (   D:8 (:=

Annotations:
D:5 1 runed translucent door, Firecrotchwizard's ghost, amateur VSSh
D:7 1 runed translucent door, yetimobile's ghost, novice VSIE
D:8 Jeremiah
D:9 Harold


Innate Abilities, Weirdness & Mutations

You are a hulking beast.
Your limbs bulge with bestial killing power. (Slay +4)
You have razor-sharp teeth.
Your natural rate of healing is unusually fast.
When hurt, damage is shared between your health and your magic reserves.
Your bite disrupts and absorbs the magic of your enemies.
Potions cannot restore your health.


Message History

You barely miss the human. The human closely misses you.
You miss the human. You bite the human. You drain its power.
You feel invigorated.
The human is lightly wounded.
The human hits you with a +0 hand axe.
You closely miss the human. Your bite misses the human.
The human is lightly wounded.
The human barely misses you.
You closely miss the human. Your bite misses the human.
The human is lightly wounded.
The human hits you with a +0 hand axe.
You barely miss the human. You bite the human! You drain its power.
You feel invigorated.
The human is moderately wounded.
The human hits you with a +0 hand axe.
You closely miss the human. Your bite misses the human.
The human is moderately wounded.
The human hits you with a +0 hand axe.
You puncture the human!
The human looks as sick as possible!
You bite the human, but do no damage.
The human is severely wounded.
The human barely misses you.
You puncture the human!
You kill the human!
Okawaru accepts your kill.
No target in view!
Magic restored.
Found 3 stones.
An orc priest comes into view. It is wielding a +0 dagger.
Unknown command.
The orc priest shouts!
You hear a shout!
You start waiting.
An orc priest is nearby!
You puncture the orc priest!
The orc priest is poisoned.
Your punch misses the orc priest. You bite the orc priest. You drain its power.
The orc priest is severely wounded.
The orc priest hits you with a +0 dagger.
Harold the Weathered comes into view.
He is wielding a +0 trident of venom and wearing a +4 ring mail of poison resistance.
You barely miss the orc priest. You bite the orc priest. You drain its power.
You feel invigorated.
The orc priest is almost dead.
You kill the orc priest!
Okawaru accepts your kill.
Harold throws a throwing net.
The throwing net hits you.
You become entangled in the net!
Unknown command.
You struggle against the net.
Harold says, "This is so exciting!
What a great way to end my career!"
You struggle against the net.
You struggle against the net.
You struggle against the net.
You rip the net and break free!
Harold throws a throwing net.
The throwing net hits you.
You become entangled in the net!
You struggle against the net.
Unknown command.
You struggle against the net.
Harold hits you from afar with a +0 trident of venom!
You rip the net and break free!
Harold hits you from afar with a +0 trident of venom.
You are poisoned.
Unknown command.
You feel very sick.
Harold hits you with a +0 trident of venom.
You hit Harold but do no damage. You bite Harold.
Harold's magic leaks into the air.
You drain his magic.
You feel invigorated.
Harold is lightly wounded.
You feel sick.
Harold hits you with a +0 trident of venom!
You are more poisoned.
You hit Harold.
Harold is lightly wounded.
You feel very sick.
Harold hits you with a +0 trident of venom.
* * * LOW HITPOINT WARNING * * *
You are more poisoned.
You hit Harold but do no damage.
Harold is lightly wounded.
* * * LOW HITPOINT WARNING * * *
You feel very sick.
Harold's magic is no longer disrupted.
Harold hits you with a +0 trident of venom!
* * * LOW MAGIC WARNING * * *
* * * LOW HITPOINT WARNING * * *
You closely miss Harold.
Harold is lightly wounded.
* * * LOW HITPOINT WARNING * * *
You feel very sick. Harold hits you but does no damage.
You completely miss Harold. Your bite misses Harold.
Harold is lightly wounded.
* * * LOW HITPOINT WARNING * * *
You feel very sick.
Harold says, "Try to look on the bright side.
Your death will help put my children through school."
Harold hits you with a +0 trident of venom.
* * * LOW MAGIC WARNING * * *
* * * LOW HITPOINT WARNING * * *
You are more poisoned.
You hit Harold.
Harold is lightly wounded.
You die...

' ..#......
#........####.#......
#.............#......
#................####
#................#... .
#............#...#...
...#............#...#...
.......)................
......@h.....##.........
.......##....##....##...
.......##..........##...
..##.................... .
#...................#
.......................#
....................... .
#......................
#..##..........>...........


You could see Harold.

Vanquished Creatures
  Pikel (D:8)
  Psyche (D:8)
  A yak (D:9)
  3 hogs (D:9)
  A steam dragon (D:7)
  A human (D:9)
  A warg (D:9)
  An acid dragon (D:9)
  4 water moccasins
  2 orc warriors
  2 ice beasts
  A sky beast (D:9)
  An ogre (D:6)
  2 phantoms
  4 centaurs
  A lemure (D:8)
  3 kobold brigands
  4 scorpions
  3 jellies (D:6)
  9 killer bees
  4 howler monkeys
  4 crimson imps (D:6)
  2 gnoll boudas
  3 orc priests (D:9)
  7 hounds
  Jessica (D:2)
  2 iguanas
  3 sleepcaps
  Ijyb (D:3)
  Terence (D:2)
  7 orc wizards
  Robin (D:2)
  9 gnolls
  2 adders
  5 white imps
  2 ufetubi (D:5)
  2 worms
  A dart slug (D:4)
  26 orcs
  6 bats
  5 endoplasms
  2 giant cockroaches (D:1)
  12 goblins
  8 hobgoblins
  7 jackals
  A quokka (D:1)
  5 ball pythons
  5 frilled lizards
  19 kobolds
  4 rats
203 creatures vanquished.

Notes
Turn   | Place    | Note
-------+----------+-------------------------------------------
     0 | D:1      | Firecrotchwizard the Vine Stalker Shapeshifter began the
                  | quest for the Orb.
     0 | D:1      | Reached XP level 1. HP: 9/9 MP: 2/2
    60 | D:1      | Reached skill level 1 in Fighting
    76 | D:1      | Reached XP level 2. HP: 9/14 MP: 0/3
   397 | D:1      | Reached XP level 3. HP: 18/18 MP: 4/4
  1168 | D:2      | Noticed Terence
  1185 | D:2      | Killed Terence
  1186 | D:2      | Reached skill level 4 in Unarmed Combat
  1186 | D:2      | Reached XP level 4. HP: 22/23 MP: 2/5
  1240 | D:2      | Noticed Jessica
  1248 | D:2      | Killed Jessica
  1266 | D:2      | Found Qogeub's Antique Weapon Boutique.
  1316 | D:2      | Noticed Robin
  1338 | D:2      | Killed Robin
  1852 | D:3      | Reached XP level 5. HP: 26/26 MP: 6/6
  2256 | D:3      | Found a blossoming altar of Fedhas.
  2310 | D:3      | Reached skill level 5 in Unarmed Combat
  2318 | D:3      | Identified the +0 robe of the Flying Gods {rPois Str-3
                  | Int+5 Archmagi}
  2436 | D:3      | Noticed Ijyb
  2464 | D:3      | Killed Ijyb
  2465 | D:3      | Reached XP level 6. HP: 32/32 MP: 7/7
  3063 | D:4      | Found a shimmering blue altar of Sif Muna.
  3102 | D:4      | Reached XP level 7. HP: 36/36 MP: 8/8
  3360 | D:3      | Reached skill level 6 in Unarmed Combat
  3578 | D:5      | Entered Level 5 of the Dungeon
  3846 | D:5      | Reached skill level 5 in Shapeshifting
  3846 | D:5      | Gained mutation: You have razor-sharp teeth. [Vine Stalker
                  | growth]
  3846 | D:5      | Reached XP level 8. HP: 37/42 MP: 9/9
  3874 | D:5      | Reached skill level 7 in Unarmed Combat
  4118 | D:5      | Found a staircase to the Ecumenical Temple.
  4124 | Temple   | Entered the Ecumenical Temple
  4130 | Temple   | Became a worshipper of Warmaster Okawaru
  4164 | D:5      | Found a runed translucent door.
  4167 | D:5      | Noticed Firecrotchwizard's ghost (amateur VSSh)
  4424 | D:6      | Reached skill level 8 in Unarmed Combat
  4776 | D:6      | Reached * piety under Okawaru
  4790 | D:6      | Reached skill level 5 in Fighting
  4803 | D:6      | Found a shimmering altar of Xom.
  4820 | D:6      | Reached XP level 9. HP: 45/47 MP: 8/10
  4881 | D:6      | Found a sparkling altar of Nemelex Xobeh.
  5235 | D:7      | Reached skill level 9 in Unarmed Combat
  5357 | D:7      | Identified the +6 dagger of Moderation {venom, Fragile
                  | rF+++ Dex-2 Stlth+}
  5379 | D:7      | Found a runed translucent door.
  5380 | D:7      | Noticed yetimobile's ghost (novice VSIE)
  5488 | D:7      | Reached ** piety under Okawaru
  5958 | D:8      | Noticed Psyche
  5971 | D:8      | Killed Psyche
  5982 | D:8      | Found Huffu's Jewellery Emporium.
  6053 | D:8      | Noticed Jeremiah
  6236 | D:8      | Found Ogarphedd's Antique Weapon Shop.
  6268 | D:8      | Found Apsubuxt's Book Boutique.
  6303 | D:8      | Noticed Pikel
  6329 | D:8      | Killed Pikel
  6330 | D:8      | Reached skill level 10 in Unarmed Combat
  6330 | D:8      | Reached skill level 1 in Invocations
  6330 | D:8      | Reached XP level 10. HP: 38/53 MP: 8/12
  6456 | D:8      | Found an opulent altar of Gozag.
  6633 | D:8      | Noticed a +0 falchion
  6633 | D:8      | Noticed a +0 short sword
  6634 | D:8      | Noticed a +0 spear
  6634 | D:8      | Noticed a +0 falchion
  6635 | D:8      | Noticed a +0 short sword
  6635 | D:8      | Noticed a +0 dagger
  6636 | D:8      | Noticed a +0 dagger
  6637 | D:8      | Noticed a +0 spear
  6642 | D:8      | Found a hide-covered altar of Uskayaw.
  6714 | D:9      | Found a staircase to the Lair.
  6807 | D:9      | Found a shadowy altar of Dithmenos.
  6811 | D:9      | Found an ornate altar of the Wu Jian Council.
  6812 | D:9      | Found a broken altar of Ashenzari.
  6830 | D:9      | Reached *** piety under Okawaru
  6849 | D:9      | Identified the +3 trident "Undertaker" {venom, Drain rPois
                  | Will++}
  6914 | D:9      | Found a staircase to the Orcish Mines.
  7063 | D:9      | Reached skill level 11 in Unarmed Combat
  7066 | D:9      | Reached **** piety under Okawaru
  7143 | D:9      | Noticed Harold
  7158 | D:9      | HP: 1/53 [Harold/+0 trident of venom (2)]
  7159 | D:9      | Succumbed to Harold's poison

Illustrated notes

Levels and vault maps discovered:
D:1:      evilmike_arrival_hilbert_curve, layout_basic, st_stairs_7,
          corexii_leaking_fountain, wander_ebering_terrifying_dragon_lair
D:2:      layout_loops_ring, serial_shops, shop, uniq_terence, uniq_jessica,
          uniq_robin
D:3:      layout_basic, fedhas_ov_isle_minmay, nicolae_elevator_lobby_asterisk,
          uniq_ijyb
D:4:      layout_loops_ring, lemuel_crystal_altar
D:5:      layout_rooms, minmay_temple_entry_hall, ebering_ghost_sewer_d
D:6:      layout_gridville, led_xom_imps, nemelex_spade_bored_becter
D:7:      layout_cave_pods, ebering_ghost_inner_flame, minmay_misc_feat_rows
D:8:      layout_cave_pods, nicolae_uskayaw_en_pointe,
          nicolae_gozag_seed_capital, serial_shops, shop, shop,
          nicolae_shop_competitors_out_of_business, shop, serial_park_tiny_2,
          guppyfry_early_elven_hall, uniq_jeremiah, uniq_psyche, uniq_pikel
D:9:      layout_irregular_city, mainiacjoe_overflow_boulevard,
          grunt_temple_overflow_open, mainiacjoe_overflow_catwalk,
          lair_entry_dummy, erik_orc_4, serial_shops,
          nicolae_shop_bloodbath_and_beyond, chequers_serial_rivers_small_b,
          grunt_livestock, minmay_misc_feat_five, uniq_harold
Temple:   chequers_temple_sunken

Skill      XL: |  1  2  3  4  5  6  7  8  9 10 |
---------------+-------------------------------+-----
Fighting       | 1 2 3 5 6 |  6.9
Unarmed Combat | 4 5 6 8 10 11 | 11.1
Shapeshifting  | 4 5 6 7 |  7.5
Invocations    | 1 3 |  3.6
Dodging        | |  1.5

Action                     |  1- 3 |  4- 6 |  7- 9 | 10-12 || total
---------------------------+-------+-------+-------+-------++-------
  Melee: Unarmed           |    33 |       |    97 |       ||   130
         Bite              |    17 |    50 |    99 |    46 ||   212
         Punch             |     2 |    10 |    18 |     8 ||    38
         Short sword       |    36 |   204 |    59 |       ||   299
         Dagger            |       |       |   155 |   141 ||   296
Ability: Begin Untransform |       |     1 |       |       ||     1
  Evoke: Wand              |       |       |     1 |       ||     1
    Use: Scroll            |       |    10 |     4 |     1 ||    15
         Potion            |       |       |       |     1 ||     1
   Stab: Sleeping          |     2 |       |       |       ||     2
 Armour: Animal skin       |    25 |       |       |       ||    25
         Leather armour    |    11 |       |       |       ||    11
         Ring mail         |     3 |    60 |       |       ||    63
         Chain mail        |       |    63 |   179 |       ||   242
         Plate armour      |       |       |    86 |   208 ||   294
  Dodge: Dodged            |    39 |    87 |    87 |    62 ||   275
   Form: Beast             |       |       |     1 |       ||     1

Table legend: (Time is in decaauts)
 A = Elapsed time spent in this place.
 B = Non-inter-level travel time spent in this place.
 C = Inter-level travel time spent in this place.
 D = Time resting spent in this place.
 E = Time spent auto-exploring this place.
 F = Levels seen in this place.
 G = Mean time per level.
                   A        B        C        D        E       F      G
               +--------+--------+--------+--------+--------+-----+--------+
         Total |   7150 |   6729 |    421 |    539 |   4664 |  10 |  715.0 |
       Dungeon |   7131 |   6723 |    408 |    539 |   4664 |   9 |  792.3 |
        Temple |     19 |      6 |     13 |      0 |      0 |   1 |   19.0 |
               +--------+--------+--------+--------+--------+-----+--------+

Top non-repeatable levels by time:
     D:4: 1025 daAuts
     D:1: 969 daAuts
     D:6: 920 daAuts
     D:2: 849 daAuts
     D:3: 845 daAuts
     D:7: 841 daAuts
     D:8: 681 daAuts
     D:5: 553 daAuts
     D:9: 444 daAuts
  Temple: 19 daAuts
